 Dungeon Crawl Stone Soup version 0.22-a0-756-gc33bbe721d (webtiles) character file.

392 XviperX the Insei (level 6, -3/47 HPs)
             Began as a Gnoll Transmuter on July 15, 2018.
             Slain by Pikel
             ... wielding a +1 whip of electrocution
              (6 damage)
             ... on level 4 of the Dungeon.
             The game lasted 00:31:11 (3621 turns).

XviperX the Insei (Gnoll Transmuter)                Turns: 3621, Time: 00:31:12

Health: -3/47      AC:  9    Str: 14    XL:     6   Next: 80%
Magic:  14/14      EV:  8    Int: 18    God:
Gold:   300        SH:  3    Dex: 15    Spells: 14/15 levels left

rFire    . . .     SeeInvis .   i - +3 spear (freeze)
rCold    . . .     Gourm    .   (no shield)
rNeg     . . .     Faith    .   f - +0 chain mail
rPois    .         Spirit   .   (no helmet)
rElec    .         Reflect  +   (no cloak)
rCorr    .         Harm     .   (no gloves)
MR       .....     Rnd*Tele +   m - +0 pair of boots
Stlth    ..........             q - +3 amulet of reflection
HPRegen  0.15/turn              k - ring of teleportation
MPRegen  0.14/turn              (no ring)

@: no status effects
A: distributed training, fangs 1, blink, clever 1, mutation resistance 1, strong
nose
a: Blink


You were on level 4 of the Dungeon.
You were not hungry.

You visited 1 branch of the dungeon, and saw 4 of its levels.

You collected 300 gold pieces.

Inventory:

Hand Weapons
 g - a +0 short sword
 h - a +0 war axe of chopping
 i - a +3 spear of freezing (weapon)
Missiles
 e - 12 bolts
 l - 19 poisoned needles (quivered)
 u - 23 arrows
Armour
 a - a +0 robe
 b - a +0 robe
 f - a +0 chain mail (worn)
 j - a +0 ring mail
 m - a +0 pair of boots (worn)
Jewellery
 k - a ring of teleportation (left hand)
 q - a +3 amulet of reflection (around neck)
 s - an uncursed amulet of guardian spirit
 y - an uncursed ring of resist corrosion {unknown}
Wands
 o - a wand of flame (21)
 t - a wand of enslavement (14)
Scrolls
 c - a scroll of teleportation {unknown}
 v - 8 scrolls of identify
 x - a scroll of remove curse
Potions
 n - a potion of resistance
 w - a potion of lignification {unknown}
 z - a potion of degeneration {unknown}
Comestibles
 d - 6 rations


   Skills:
 + Level 3.3 Fighting
 + Level 2.1 Short Blades
 + Level 2.1 Long Blades
 + Level 2.1 Axes
 + Level 2.1 Maces & Flails
 + Level 2.1 Polearms
 + Level 2.1 Staves
 + Level 2.1 Slings
 + Level 2.1 Bows
 + Level 2.1 Crossbows
 + Level 2.1 Throwing
 + Level 2.1 Armour
 + Level 5.0 Dodging
 + Level 2.1 Stealth
 + Level 2.1 Shields
 + Level 6.9 Unarmed Combat
 + Level 5.4 Spellcasting
 + Level 1.6 Conjurations
 + Level 1.6 Hexes
 + Level 1.6 Charms
 + Level 1.6 Summonings
 + Level 1.6 Necromancy
 + Level 1.6 Translocations
 + Level 4.1 Transmutations
 + Level 1.6 Fire Magic
 + Level 1.6 Ice Magic
 + Level 1.6 Air Magic
 + Level 1.6 Earth Magic
 + Level 1.6 Poison Magic
 + Level 2.3 Invocations
 + Level 2.1 Evocations


You had 14 spell levels left.
You knew the following spells:

 Your Spells              Type           Power        Failure   Level  Hunger
a - Beastly Appendage     Tmut           ###...       52%         1    None

Your spell library contained the following spells:

 Spells                   Type           Power        Failure   Level  Hunger
 Spider Form              Tmut/Pois      ###.......   96%         3    ##.....
 Blade Hands              Tmut           ###.......   100%        5    ######.
 Ice Form                 Ice/Tmut       ###.....     100%        4    ####...
 Sticks to Snakes         Tmut           ###.....     65%         2    #......


Dungeon Overview and Level Annotations

Branches:
Dungeon (4/15)
 Temple: D:4-7

Altars:
Hepliaklqana
Qazlal
Vehumet

Shops:
D:4 !

Annotations:
D:4 Pikel


Innate Abilities, Weirdness & Mutations

Your experience applies equally to all skills.
You have very sharp teeth.
Your uncanny sense of smell can sniff out nearby items.
You can translocate small distances at will.
Your mind is acute. (Int +2)
You are somewhat resistant to further mutation.


Message History

Pikel hits you but does no damage.
You hit Pikel but do no damage.
Pikel is moderately wounded.
Pikel hits you but does no damage.
You hit Pikel but do no damage.
Pikel is lightly wounded.
Pikel hits you with a whip of electrocution.
* * * LOW HITPOINT WARNING * * *
Your chain mail prevents you from hitting Pikel.
Your bite misses Pikel.
Pikel is lightly wounded.
Pikel hits you but does no damage.
You barely miss Pikel.
Pikel is lightly wounded.
Pikel hits you with a whip of electrocution.
* * * LOW HITPOINT WARNING * * *
Pikel cracks his whip.
Pikel says, "You'll fetch a fair price!"
Pikel hits you with a whip of electrocution.
You die...

##.....##...#.#.#....###.#.#
##.....###...####..#..##.#.#
##.....###....##...#.).#.#.#
###...##.#.#..##.#.#.#.#.#.# #
#...###.#..#####.#.#.#.#.#
###...##.#..#..# #...#.#.#.####
.......###.#..####...##.......#
.......##.....#.#..#..#..#.##.#
..........8.8...@.###....#..#
.......##.....#.#K.#..#.....#
.......###.#..####p..##....<#
.......# #..#..# #...#.#...##
....#### .#..#####p#.#.#.#..
....# #.#.#..##.#.#.#.#.#.##
.... ###....##...#...# ..
..####p.#..# #.#....##


You could see Pikel and a slave.

Vanquished Creatures
  An ogre (D:4)
  A scorpion (D:4)
  A howler monkey (D:4)
  2 orc wizards (D:4)
  A hound skeleton (D:4)
  3 gnolls (D:3)
  4 adders
  3 dart slugs
  A leopard gecko (D:1)
  6 orcs (D:4)
  5 giant cockroaches
  10 goblins
  10 hobgoblins
  6 jackals (D:4)
  2 ball pythons
  4 bats
  9 frilled lizards
  8 kobolds
  5 rats
82 creatures vanquished.

Notes
Turn   | Place    | Note
-------+----------+-------------------------------------------
     0 | D:1      | XviperX the Gnoll Transmuter began the quest for the Orb.
     0 | D:1      | Reached XP level 1. HP: 17/17 MP: 6/6
     2 | D:1      | Upgraded the game from 0.22-a0-748-g283c1ef38e to 0.22-a0-756-gc33bbe721d
   254 | D:1      | Reached XP level 2. HP: 6/23 MP: 7/7
   878 | D:1      | Reached XP level 3. HP: 28/28 MP: 9/9
   901 | D:1      | Reached skill level 5 in Spellcasting
  1471 | D:2      | Reached skill level 1 in Invocations
  1778 | D:2      | Reached skill level 1 in Short Blades
  1778 | D:2      | Reached skill level 1 in Long Blades
  1778 | D:2      | Reached skill level 1 in Axes
  1778 | D:2      | Reached skill level 1 in Maces & Flails
  1778 | D:2      | Reached skill level 1 in Polearms
  1778 | D:2      | Reached skill level 1 in Staves
  1778 | D:2      | Reached skill level 1 in Slings
  1778 | D:2      | Reached skill level 1 in Bows
  1778 | D:2      | Reached skill level 1 in Crossbows
  1778 | D:2      | Reached skill level 1 in Throwing
  1778 | D:2      | Reached skill level 1 in Armour
  1778 | D:2      | Reached skill level 1 in Stealth
  1778 | D:2      | Reached skill level 1 in Shields
  1778 | D:2      | Reached skill level 1 in Evocations
  1778 | D:2      | Reached XP level 4. HP: 31/34 MP: 11/11
  2343 | D:3      | Reached skill level 1 in Conjurations
  2343 | D:3      | Reached skill level 1 in Hexes
  2343 | D:3      | Reached skill level 1 in Charms
  2343 | D:3      | Reached skill level 1 in Summonings
  2343 | D:3      | Reached skill level 1 in Necromancy
  2343 | D:3      | Reached skill level 1 in Translocations
  2343 | D:3      | Reached skill level 1 in Fire Magic
  2343 | D:3      | Reached skill level 1 in Ice Magic
  2343 | D:3      | Reached skill level 1 in Air Magic
  2343 | D:3      | Reached skill level 1 in Earth Magic
  2343 | D:3      | Reached skill level 1 in Poison Magic
  2693 | D:4      | Reached XP level 5. HP: 32/40 MP: 12/12
  2724 | D:4      | Found Porug's Distillery.
  2787 | D:4      | Found a stormy altar of Qazlal.
  2788 | D:4      | Noticed a fire elemental
  2802 | D:4      | Noticed a water elemental
  2802 | D:4      | Noticed an air elemental
  2919 | D:4      | Noticed an ogre
  2927 | D:4      | Killed an ogre
  2927 | D:4      | Reached XP level 6. HP: 19/47 MP: 14/14
  3047 | D:4      | Reached skill level 5 in Dodging
  3320 | D:4      | Found a radiant altar of Vehumet.
  3320 | D:4      | Found a hazy altar of Hepliaklqana.
  3575 | D:4      | Noticed Pikel
  3575 | D:4      | Noticed a slave
  3575 | D:4      | Noticed a slave
  3576 | D:4      | Noticed a slave
  3578 | D:4      | Noticed a slave
  3602 | D:4      | Gained mutation: Your mind is acute. (Int +2) [potion of mutation]
  3602 | D:4      | Gained mutation: You are somewhat resistant to further mutation. [potion of mutation]
  3602 | D:4      | Gained mutation: You can translocate small distances at will. [potion of mutation]
  3608 | D:4      | HP: 1/47 [Pikel/whip of electrocution (5)]
  3621 | D:4      | Slain by Pikel

Vault maps used:
D:1:      shiori_arrival_maze, minmay_crystal_room
D:3:      serial_bayou_lagoon_a, small_statue_intersection
D:4:      wad_crossroads, nicolae_qazlal_style_of_elements,
          gammafunk_temple_overflow_pools, serial_shops,
          nicolae_shop_temple_entry_statues_fountains, first_ration, uniq_pikel

Skill      XL: |  1  2  3  4  5  6 |
---------------+-------------------+-----
Spellcasting   | 5 |  5.4
Invocations    | 1 2 |  2.3
Short Blades   | 1 2 |  2.1
Long Blades    | 1 2 |  2.1
Axes           | 1 2 |  2.1
Maces & Flails | 1 2 |  2.1
Polearms       | 1 2 |  2.1
Staves         | 1 2 |  2.1
Slings         | 1 2 |  2.1
Bows           | 1 2 |  2.1
Crossbows      | 1 2 |  2.1
Throwing       | 1 2 |  2.1
Armour         | 1 2 |  2.1
Stealth        | 1 2 |  2.1
Shields        | 1 2 |  2.1
Evocations     | 1 2 |  2.1
Conjurations   | 1 |  1.6
Hexes          | 1 |  1.6
Charms         | 1 |  1.6
Summonings     | 1 |  1.6
Necromancy     | 1 |  1.6
Translocations | 1 |  1.6
Fire Magic     | 1 |  1.6
Ice Magic      | 1 |  1.6
Air Magic      | 1 |  1.6
Earth Magic    | 1 |  1.6
Poison Magic   | 1 |  1.6
Fighting       | 3 |  3.3
Transmutations | 4 |  4.1
Dodging        | 5 |  5.0
Unarmed Combat | |  6.9

Action                   |  1- 3 |  4- 6 || total
-------------------------+-------+-------++-------
Melee: Short sword       |    21 |       ||    21
       Unarmed           |     5 |       ||     5
       Bite              |    10 |    15 ||    25
       Spear             |    85 |   148 ||   233
       Punch             |     1 |     3 ||     4
  Use: Scroll            |     6 |     7 ||    13
       Potion            |       |     3 ||     3
 Stab: Sleeping          |     2 |       ||     2
  Eat: Chunk             |     3 |     2 ||     5
       Ration            |       |     1 ||     1
Armor: Robe              |     4 |       ||     4
       Chain mail        |    60 |    61 ||   121
Dodge: Dodged            |    71 |    52 ||   123
Block: Other             |       |    19 ||    19

Table legend:
 A = Spawn XP
 B = Non-spawn XP
 C = Spawn XP percentage of total XP
 D = Spawn monster count
 E = Non-spawn monster count
 F = Spawn count percentage of total count
 G = Total turns spent on level
                    A         B        C        D         E        F      G
               +---------+---------+-------+---------+---------+-------+---------
         Total |       0 |     560 |   0.0 |       0 |      82 |   0.0 |  3621
               +---------+---------+-------+---------+---------+-------+---------
           D:1 |       0 |      39 |   0.0 |       0 |      23 |   0.0 |  1370
           D:2 |       0 |      53 |   0.0 |       0 |      26 |   0.0 |   597
           D:3 |       0 |      56 |   0.0 |       0 |       9 |   0.0 |   653
           D:4 |       0 |     412 |   0.0 |       0 |      24 |   0.0 |  1001
               +---------+---------+-------+---------+---------+-------+---------
